 Dungeon Crawl Stone Soup version 0.30-a0-879-ga8ba668304 (webtiles) character file.

Game seed: 14892922398735228212

26643 112233 the Geomancer (level 13, -6/104 HPs)
             Began as a Formicid Earth Elementalist on Mar 13, 2023.
             Was an Elder of Sif Muna.
             Mangled by a bone dragon (12 damage)
             ... on level 2 of the Abyss.
             The game lasted 00:19:25 (22749 turns).

112233 the Geomancer (Formicid Earth Elementalist) Turns: 22749, Time: 00:19:25

Health: -6/104     AC: 10    Str: 14    XL:     13   Next: 59%
Magic:  0/28       EV: 18    Int: 19    God:    Sif Muna [****..]
Gold:   1664       SH:  0    Dex: 20    Spells: 28/34 levels left

rFire   + + .      SeeInvis +    I - +7 great mace "Undeadhunter" {deathbane, rN+}
rCold   + + .      Faith    .    (no shield)
rNeg    + . .      Spirit   +    e - +2 robe {rC+ rF+}
rPois   .          Reflect  .    (helmet unavailable)
rElec   .          Rampage  .    P - scarf {rC+ rF+}
rCorr   .                        w - +0 pair of gloves
Will    +....                    G - +0 pair of boots
Stlth   +++                      F - amulet of guardian spirit
HPRegen 0.37/turn                g - +6 ring of dexterity
MPRegen 0.21/turn                W - +4 ring of protection

@: no status effects
A: permanent stasis, dig shafts and tunnels, antennae 3, four strong arms
a: Dig, Shaft Self, Renounce Religion, Channel Magic, Forget Spell, Divine
Exegesis


You were on level 2 of the Abyss.
You worshipped Sif Muna.
Sif Muna was greatly pleased with you.
You visited 1 branch of the dungeon, and saw 15 of its levels.
You visited the Abyss 1 time.
You also visited: Bailey.

You collected 2214 gold pieces.
You spent 550 gold pieces at shops.

Inventory:

Hand Weapons
 I - the +7 great mace "Undeadhunter" (weapon) {deathbane, rN+}
   (You found it on level 6 of the Dungeon)

   rN:        It protects you from negative energy.
 Y - the +6 shillelagh "Devastator" {shatter}
   (You found it on level 6 of the Dungeon)
Missiles
 i - 5 throwing nets
Armour
 e - a +2 robe of resistance (worn)
 w - a +0 pair of gloves (worn)
 B - a +0 kite shield
 G - a +0 pair of boots (worn)
 P - a scarf of resistance (worn)
Magical Staves
 s - a staff of earth
Jewellery
 g - a +6 ring of dexterity (left hand)
 F - an amulet of guardian spirit (around neck)
 J - a ring of willpower
 N - a ring of flight
 W - a +4 ring of protection (right hand)
Wands
 a - a wand of roots (3)
 y - a wand of flame (41)
 C - a wand of paralysis (20)
 D - a wand of polymorph (1)
 Z - a wand of digging (5)
Scrolls
 d - a scroll of amnesia
 f - 5 scrolls of teleportation
 j - 3 scrolls of butterflies
 k - 4 scrolls of magic mapping
 n - 3 scrolls of fear
 o - 2 scrolls of enchant armour
 p - 3 scrolls of blinking
 t - 2 scrolls of fog
 u - 6 scrolls of vulnerability
 E - 2 scrolls of torment
 H - 4 scrolls of noise
 K - 4 scrolls of enchant weapon
 L - a scroll of poison
Potions
 b - 2 potions of attraction {unknown}
 c - 5 potions of degeneration {unknown}
 h - 3 potions of ambrosia {unknown}
 l - 7 potions of haste {unknown}
 m - 4 potions of flight {unknown}
 q - 2 potions of resistance {unknown}
 r - 2 potions of berserk rage {unknown}
 v - 4 potions of mutation {unknown}
 x - 9 potions of curing {unknown}
 z - a potion of cancellation {unknown}
 A - a potion of lignification {unknown}
 Q - 4 potions of heal wounds
 R - 2 potions of brilliance {unknown}
 S - a potion of experience {unknown}
 T - 2 potions of invisibility
 U - 3 potions of might {unknown}
 V - 4 potions of magic


   Skills:
 + Level 10.4 Fighting
 - Level 6.5 Maces & Flails
 + Level 9.0 Dodging
 - Level 2.7 Stealth
 + Level 4.8 Shields
 + Level 11.2 Spellcasting
 + Level 3.2 Conjurations
 - Level 1.4 Transmutations
 + Level 13.5 Earth Magic


You had 28 spell levels left.
You knew the following spells:

 Your Spells              Type           Power      Damage    Failure   Level
a - Sandblast             Erth           100%       2d20      1%          1
b - Stone Arrow           Conj/Erth      84%        3d12      1%          3
c - Passwall              Tmut/Erth      32%        N/A       1%          2

Your spell library contained the following spells:

 Spells                   Type           Power      Damage    Failure   Level
 Magic Dart               Conj           88%        1d7       1%          1
 Lee's Rapid Deconstruct  Erth           29%        3d15*     1%          5
 Searing Ray              Conj           44%        2d6       2%          2
 Petrify                  Tmut/Erth      39%        N/A       3%          4
 Slow                     Hex            40%        N/A       7%          1
 Ensorcelled Hibernation  Hex/Ice        20%        N/A       10%         2
 Confusing Touch          Hex            10%        N/A       21%         3
 Gell's Gravitas          Tloc           10%        N/A       21%         3
 Kindle Blastsparks       Fire/Tloc/Air  20%        2d11      21%         3
 Ozocubu's Armour         Ice            10%        N/A       21%         3
 Teleport Other           Tloc           10%        N/A       21%         3
 Vampiric Draining        Necr           10%        2d6       21%         3
 Fulminant Prism          Conj/Hex       8%         3d7       32%         4
 Iskenderun's Mystic Bla  Conj/Tloc      16%        2d5       32%         4
 Summon Ice Beast         Ice/Summ       10%        N/A       54%         4
 Freezing Cloud           Conj/Ice/Air   7%         6-21      75%         5
 Yara's Violent Unravell  Hex/Tmut       6%         3d5       80%         5
 Metabolic Englaciation   Hex/Ice        5%         N/A       88%         5
 Summon Mana Viper        Hex/Summ       10%        N/A       88%         5
 Dispersal                Tloc           5%         N/A       100%        6
 Simulacrum               Ice/Necr       5%         N/A       100%        6
 Monstrous Menagerie      Summ           5%         N/A       100%        7
 Polar Vortex             Ice            5%         N/A       100%        9
 Swiftness                Air            Unusable   N/A       N/A         3

Dungeon Overview and Level Annotations

Branches:
Dungeon (15/15)            Temple (0/1) D:7            Lair (0/5) D:10
    Orc (0/2) D:11         Bailey (visited)
 Vaults: D:13-14     Depths: D:15

Altars:
Cheibriados
Makhleb
Qazlal
Sif Muna
Trog
Uskayaw
Wu Jian

Shops:
D:11 [**[*

Annotations:
D:12 1 runed translucent door
D:13 2 transporters, exclusion: downstairs, fly's ghost, journeyman MfTm


Innate Abilities, Weirdness & Mutations

You cannot be hasted, slowed, berserked, paralysed or teleported.
You can dig through walls and to a lower floor.
You have a pair of large antennae on your head. (SInv)
Your four strong arms can wield two-handed weapons with a shield.


Message History

The roots lose their grip on something.
The grasping roots constrict the bone dragon.
Flame seeps out of the bone dragon.
The roots release their grip on the bone dragon.
A starcursed mass splits.
The bone dragon closely misses you. The bone dragon misses you.
The bone dragon tramples you but does no damage.
Unknown command.
Unknown command.
Unknown command.
Unknown command.
The bone dragon attacks as you move away!
The bone dragon completely misses you. x2; The bone dragon barely misses you.
The bone dragon is engulfed in blazing flames.
Flame seeps out of the bone dragon.
Unknown command.
A deafening chorus of shrieks assaults your mind!
Unknown command.
Okay, then.
The bone dragon attacks as you move away!
The bone dragon closely misses you. The bone dragon claws you.
The bone dragon tramples you!
Unknown command.
You hit the bone dragon but do no damage.
The bone dragon is lightly damaged.
A chorus of shrieks assaults your mind. The bone dragon misses you.
The bone dragon completely misses you. The bone dragon tramples you!
You hold your ground!
Unknown command.
You thump the bone dragon!
Flame seeps out of the bone dragon.
The bone dragon is blasted by disruptive energy!
Flame seeps out of the bone dragon.
The bone dragon is lightly damaged.
A chorus of shrieks assaults your mind.
* * * LOW HITPOINT WARNING * * *
The bone dragon is engulfed in blazing flames.
Flame seeps out of the bone dragon.
The bone dragon bites you!!
* * * LOW HITPOINT WARNING * * *
The bone dragon claws you!
You die...

#### . # ### ...#
#. .. ### #......
#.#. ##.####....
# #..##..#{{...#
.. #@D..#{#..# #
..
#...###XX.X.##...
.# #.#.
#..###X..# .. #
#....###{{#.## #
#...###. .#.#.# #
#### .. X..## # .
..##. # # # .. #
. # ..#### #


You could see a bone dragon (inner flame) and 4 starcursed masses.

Vanquished Creatures
  Jorgrun (D:13)
  A hydra (D:13)
  Harold (D:9)
  Erolcha (D:13)
  Fannar (D:11)
  3 two-headed ogres
  3 centaur warriors
  Urug (D:12)
  Lodul (D:11)
  An orc knight (Bailey)
  A deep elf pyromancer (D:12)
  2 ugly things (D:13)
  3 cyclopes
  2 manticores
  Maggie (D:7)
  4 gargoyles
  A komodo dragon (D:10)
  9 trolls
  A hornet (D:9)
  A hellwing (Abyss:2)
  2 slime creatures
  2 shadows (D:11)
  9 yaks
  3 wraiths
  2 wyverns
  A basilisk (D:14)
  A steam dragon (D:8)
  9 vampire mosquitoes
  Duvessa (D:7)
  9 orc warriors
  2 black bears
  2 ice beasts
  3 boggarts (D:13)
  17 ogres
  8 centaurs
  A phantom (D:6)
  6 kobold brigands
  2 bullfrogs
  3 gnoll sergeants
  4 scorpions
  Dowan (D:7)
  9 killer bees (D:10)
  3 electric eels (D:11)
  4 howler monkeys
  4 hounds (D:5)
  3 jellies (D:5)
  9 orc priests
  A starcursed mass (Abyss:2)
  Crazy Yiuf (D:6)
  3 iguanas
  14 orc wizards
  21 gnolls
  An adder (D:5)
  A shadow imp (D:6)
  A white imp (D:6)
  A worm (D:2)
  3 dart slugs
  60 orcs
  6 bats
  4 endoplasms
  7 giant cockroaches
  5 goblins
  4 hobgoblins
  2 jackals (D:2)
  4 quokkas
  5 ball pythons
  4 frilled lizards
  23 kobolds
  5 rats
335 creatures vanquished.

Notes
Turn   | Place    | Note
-------+----------+-------------------------------------------
     0 | D:1      | 112233 the Formicid Earth Elementalist began the quest for
                  | the Orb.
     0 | D:1      | Reached XP level 1. HP: 13/13 MP: 3/3
   142 | D:1      | Reached XP level 2. HP: 19/19 MP: 3/5
   318 | D:1      | Reached skill level 4 in Earth Magic
   322 | D:1      | Reached XP level 3. HP: 24/24 MP: 1/6
  1510 | D:2      | Reached XP level 4. HP: 28/30 MP: 4/8
  2019 | D:3      | You fall into a shaft and drop 1 floor!
  2194 | D:4      | Noticed a scorpion
  2204 | D:4      | Learned a level 3 spell: Stone Arrow
  2207 | D:4      | Learned a level 2 spell: Passwall
  2883 | D:4      | Noticed a black bear
  2894 | D:4      | Noticed a scorpion
  2897 | D:4      | Killed a scorpion
  2898 | D:4      | Reached skill level 5 in Earth Magic
  2898 | D:4      | Reached XP level 5. HP: 26/35 MP: 6/10
  3066 | D:4      | Reached XP level 6. HP: 16/41 MP: 0/12
  3315 | D:4      | Killed a black bear
  3316 | D:4      | Reached skill level 6 in Earth Magic
  3567 | D:4      | You fall into a shaft and drop 1 floor!
  3567 | D:5      | Entered Level 5 of the Dungeon
  3581 | D:5      | Reached skill level 5 in Spellcasting
  3581 | D:5      | Reached XP level 7. HP: 46/46 MP: 4/14
  3791 | D:5      | Reached skill level 7 in Earth Magic
  4349 | D:5      | Reached XP level 8. HP: 53/53 MP: 9/16
  4417 | D:5      | Found a stormy altar of Qazlal.
  4417 | D:5      | Found a shimmering blue altar of Sif Muna.
  4418 | D:5      | Found a burning altar of Makhleb.
  4450 | D:5      | Found a snail-covered altar of Cheibriados.
  4506 | D:5      | Reached skill level 1 in Fighting
  4837 | D:5      | Reached skill level 8 in Earth Magic
  5199 | D:5      | Found an ornate altar of the Wu Jian Council.
  5352 | D:5      | Became a worshipper of Sif Muna the Loreminder
  5794 | D:6      | You fall into a shaft and drop 2 floors!
  6085 | D:8      | Identified the +0 ring mail "Bisaju" {rElec Dex+4}
  6157 | D:8      | You fall into a shaft and drop 1 floor!
  6360 | D:9      | Noticed a cyclops
  6368 | D:9      | Killed a cyclops
  6369 | D:9      | Reached XP level 9. HP: 51/65 MP: 2/19
  6408 | D:9      | Noticed a troll
  6663 | D:9      | Killed a troll
  6664 | D:9      | Reached skill level 9 in Earth Magic
  7846 | D:7      | Noticed Duvessa
  7847 | D:7      | Noticed Dowan
  7850 | D:7      | Killed Duvessa
  7853 | D:7      | Killed Dowan
  7854 | D:7      | Reached skill level 5 in Fighting
  7937 | D:7      | Found a staircase to the Ecumenical Temple.
  8131 | D:7      | Noticed Maggie
  8138 | D:7      | Killed Maggie
  8139 | D:7      | Reached skill level 5 in Dodging
  8350 | D:7      | Reached XP level 10. HP: 64/74 MP: 11/21
  8755 | D:7      | Reached skill level 10 in Earth Magic
  9109 | D:6      | Found a runed translucent door.
  9109 | D:6      | Found the +7 great mace "Undeadhunter" {deathbane, rN+}
  9110 | D:6      | Noticed Crazy Yiuf
  9112 | D:6      | Found the +6 shillelagh "Devastator" {shatter}
 10031 | D:8      | Reached skill level 1 in Maces & Flails
 10044 | D:8      | Reached * piety under Sif Muna
 10544 | D:8      | Found a hide-covered altar of Uskayaw.
 11432 | D:9      | Noticed Harold
 11443 | D:9      | Killed Harold
 12154 | D:8      | Reached XP level 11. HP: 70/84 MP: 3/23
 12558 | D:10     | Entered Level 10 of the Dungeon
 12568 | D:10     | Reached skill level 11 in Earth Magic
 12729 | D:10     | Noticed a two-headed ogre
 12737 | D:10     | Killed a two-headed ogre
 13095 | D:10     | Reached ** piety under Sif Muna
 13136 | D:10     | Found a flagged portal.
 13168 | Bailey   | Entered a bailey
 13601 | Bailey   | Noticed an orc knight
 13609 | Bailey   | Killed an orc knight
 14243 | D:10     | Found a staircase to the Lair.
 14651 | D:6      | Killed Crazy Yiuf
 15739 | D:11     | Noticed a cyclops
 15744 | D:11     | Killed a cyclops
 15908 | D:11     | Found Woajuas's General Store.
 15911 | D:11     | Bought a scroll of fog for 56 gold pieces
 15982 | D:11     | Noticed a two-headed ogre
 15990 | D:11     | Killed a two-headed ogre
 15991 | D:11     | Reached skill level 5 in Maces & Flails
 16078 | D:11     | Found Ruat's Antique Armour Shoppe.
 16088 | D:11     | Found Ruema's Assorted Antiques.
 16102 | D:11     | Reached XP level 12. HP: 69/94 MP: 9/25
 16219 | D:11     | Found Wabut's Armour Emporium.
 16223 | D:11     | Reached skill level 12 in Earth Magic
 16275 | D:11     | Bought a scroll labelled WAHUOXO QIOS for 41 gold pieces
 16275 | D:11     | Bought a scroll labelled HAUCREU YLIBO for 41 gold pieces
 16275 | D:11     | Bought a golden potion for 36 gold pieces
 16286 | D:11     | Bought a +1 pair of gloves of dexterity for 280 gold pieces
 16434 | D:11     | Found Ysooriun's General Store.
 16439 | D:11     | Bought a scroll of fear for 48 gold pieces
 16439 | D:11     | Bought a scroll of identify for 24 gold pieces
 16439 | D:11     | Bought a scroll of identify for 24 gold pieces
 16533 | D:11     | Found a staircase to the Orcish Mines.
 16545 | D:11     | Reached *** piety under Sif Muna
 16567 | D:11     | Reached skill level 10 in Spellcasting
 17219 | D:11     | You fall into a shaft and drop 3 floors!
 17447 | D:14     | Noticed a centaur warrior
 17858 | D:13     | Noticed a two-headed ogre
 17863 | D:13     | Killed a two-headed ogre
 17916 | D:13     | Noticed a centaur warrior
 18124 | D:13     | Killed a centaur warrior
 18831 | D:12     | Got Lashruc's Omnibus of Niveous Ill Luck
 19173 | D:12     | Found a runed translucent door.
 19542 | D:12     | Noticed Lodul
 19911 | D:11     | Reached skill level 1 in Shields
 20213 | D:11     | Killed Lodul
 20214 | D:11     | Reached skill level 1 in Conjurations
 20214 | D:11     | Reached XP level 13. HP: 31/102 MP: 0/27
 20466 | D:12     | Noticed Fannar
 20593 | D:11     | Killed Fannar
 20594 | D:11     | Reached skill level 13 in Earth Magic
 20739 | D:12     | Noticed a four-headed hydra
 20882 | D:12     | Noticed Urug
 20894 | D:12     | Killed Urug
 21137 | D:12     | You fall into a shaft and drop 2 floors!
 21174 | D:14     | Killed a centaur warrior
 21175 | D:14     | Reached skill level 10 in Fighting
 21385 | D:14     | Noticed a centaur warrior
 21401 | D:15     | Entered Level 15 of the Dungeon
 21607 | D:13     | Noticed fly's ghost (journeyman MfTm)
 21614 | D:13     | Found a bloodstained altar of Trog.
 21621 | D:13     | Found a transporter.
 21639 | D:13     | Found a transporter.
 21644 | D:13     | Noticed Jorgrun
 21654 | D:13     | Killed Jorgrun
 21654 | D:13     | Reached **** piety under Sif Muna
 21941 | D:13     | Noticed Erolcha
 21946 | D:13     | Killed Erolcha
 22114 | D:13     | Identified the +2 dagger "Notaleuga" {holy, rC+}
 22215 | D:13     | Noticed a six-headed hydra
 22220 | D:13     | Killed a six-headed hydra
 22424 | D:14     | Noticed a centaur warrior
 22432 | D:14     | Killed a centaur warrior
 22563 | Abyss:2  | Cast into level 2 of the Abyss (a wizard)
 22723 | Abyss:2  | Noticed a starcursed mass
 22737 | Abyss:2  | Noticed a bone dragon
 22740 | Abyss:2  | Identified a scroll of acquirement
 22740 | Abyss:2  | Acquired 945 gold pieces
 22749 | Abyss:2  | Mangled by a bone dragon

Illustrated notes

Levels and vault maps discovered:
D:1:      evilmike_arrival_plus, layout_loops_ring, minmay_misc_feat_iff,
          chequers_serial_rivers_room_a, minmay_tromino_v2
D:2:      layout_loops_ring
D:3:      layout_loops_cross, minmay_splitting_lines
D:4:      layout_loops_cross
D:5:      layout_basic, nzn_wu_jian_council_hall,
          nicolae_overflow_quartered_altars
D:6:      layout_loops_ring, uniq_crazy_yiuf_cottage
D:7:      layout_basic, minmay_temple_entry_offerings, uniq_maggie, uniq_duvessa
D:8:      layout_basic, mainiacjoe_overflow_chevrons
D:9:      layout_basic, patterned_corridor, uniq_harold
D:10:     layout_roguey, lair_entry_dummy, enter_bailey_2
D:11:     layout_basic, kennysheep_orc_monster_closet_entryway, serial_shops,
          shop, shop, shop, shop, nicolae_stop_n_shop_1,
          amcnicky_mini_pool_medium
D:12:     layout_long_grid, gauntlet_entry_generic, minmay_statues_item,
          minmay_st_funbox, grunt_ministairs_3, uniq_urug, uniq_fannar,
          uniq_lodul
D:13:     layout_loops_ring, gammafunk_ghost_wrathful_warriors, st_stairs_8,
          uniq_erolcha, uniq_jorgrun
D:14:     minmay_the_grid_triangle_9x9_recursive_2_mashed
          [minmay_the_grid_triangle_9x9_prize_schism,
          minmay_the_grid_triangle_9x9_swiss_cheese,
          minmay_the_grid_triangle_9x9_impossible_snake,
          minmay_the_grid_triangle_9x9_corrupted_corridor], layout_rooms,
          lightli_vaults_fourway_checkpoint, good_gods_temple_1
D:15:     grunt_enter_depths_hoard, layout_irregular_city,
          hangedman_abyss_or_decor_stagger, minmay_misc_feat_x
Abyss:2:  base:
D:10

Skill      XL: |  1  2  3  4  5  6  7  8  9 10 11 12 13 |
---------------+----------------------------------------+-----
Dodging        | 2 3 5 6 7 8 9 |  9.0
Earth Magic    | 4 5 6 7 8 9 10 11 12 13 | 13.5
Spellcasting   | 3 4 5 7 8 9 10 11 | 11.2
Fighting       | 3 5 7 8 9 10 | 10.4
Maces & Flails | 3 5 6 |  6.5
Shields        | 1 4 |  4.8
Conjurations   | 1 3 |  3.2
Stealth        | |  2.7
Transmutations | |  1.4

Action                     |  1- 3 |  4- 6 |  7- 9 | 10-12 | 13-15 || total
---------------------------+-------+-------+-------+-------+-------++-------
  Melee: Unarmed           |    11 |     8 |       |       |       ||    19
         Flail             |       |     8 |    13 |     7 |       ||    28
         Great mace        |       |       |       |    14 |    10 ||    24
         Shillelagh        |       |       |       |    25 |       ||    25
   Cast: Sandblast         |    51 |    57 |    14 |    17 |    10 ||   149
         Stone Arrow       |       |     8 |    92 |   375 |    83 ||   558
Ability: Shaft Self        |       |     1 |     2 |     1 |     1 ||     5
  Evoke: Wand              |       |       |       |     9 |     3 ||    12
    Use: Potion            |       |     3 |       |     2 |     1 ||     6
         Scroll            |       |       |       |    12 |     3 ||    15
   Stab: Sleeping          |     2 |     1 |       |       |       ||     3
         Invisible         |       |       |       |       |     1 ||     1
 Armour: Robe              |     6 |    10 |    11 |    45 |     9 ||    81
  Dodge: Dodged            |    20 |    44 |    31 |   211 |    57 ||   363

Table legend: (Time is in decaauts)
 A = Elapsed time spent in this place.
 B = Non-inter-level travel time spent in this place.
 C = Inter-level travel time spent in this place.
 D = Time resting spent in this place.
 E = Time spent auto-exploring this place.
 F = Levels seen in this place.
 G = Mean time per level.
                   A        B        C        D        E       F      G
               +--------+--------+--------+--------+--------+-----+--------+
         Total |  22860 |  22056 |    804 |   4807 |  14931 |  17 | 1344.7 |
       Dungeon |  21914 |  21110 |    804 |   4807 |  14120 |  15 | 1460.9 |
         Abyss |    187 |    187 |      0 |      0 |    129 |   1 |  187.0 |
        Bailey |    758 |    758 |      0 |      0 |    682 |   1 |  758.0 |
               +--------+--------+--------+--------+--------+-----+--------+

Top non-repeatable levels by time:
    D:11: 3063 daAuts
     D:9: 2380 daAuts
    D:10: 2121 daAuts
     D:7: 1856 daAuts
     D:5: 1818 daAuts
    D:13: 1797 daAuts
     D:8: 1769 daAuts
     D:6: 1381 daAuts
    D:12: 1338 daAuts
     D:1: 1023 daAuts
     D:3: 919 daAuts
     D:4: 902 daAuts
     D:2: 776 daAuts
  Bailey: 758 daAuts
    D:14: 696 daAuts
